 Dungeon Crawl Stone Soup version 0.20.1-1-g8b1a95d (webtiles) character file.

538 Vno the Slasher (level 7, 0/53 HPs)
             Began as a Human Fighter on Nov 10, 2017.
             Was an Initiate of the Shining One.
             Slain by an orc warrior
             ... wielding a +1 halberd of pain
              (13 damage)
             ... on level 6 of the Dungeon.
             The game lasted 00:21:28 (6364 turns).

Vno the Slasher (Human Fighter)                     Turns: 6364, Time: 00:21:28

Health: 0/53       AC: 10    Str: 17    XL:     7   Next: 51%
Magic:  7/7        EV:  8    Int: 10    God:    the Shining One [......]
Gold:   173        SH:  9    Dex: 12    Spells: 6/6 levels left

rFire    . . .     SeeInvis +   u - +2 hand axe (flame)
rCold    . . .     Gourm    .   c - +0 shield
rNeg     . . .     Faith    .   b - +0 scale mail
rPois    .         Spirit   .   (no helmet)
rElec    .         Reflect  .   h - +0 cloak (curse)
rCorr    .         Harm     .   l - +0 pair of gloves
MR       .....                  k - +0 pair of boots
Stlth    ..........             (no amulet)
Regen    0.2/turn               n - ring of see invisible
MPRegen  0.1/turn               (no ring)

@: lethally poisoned (0 -> -2), glowing
A: no striking features
a: Renounce Religion


You were on level 6 of the Dungeon.
You worshipped the Shining One.
The Shining One was noncommittal.
You were not hungry.

You visited 2 branches of the dungeon, and saw 7 of its levels.

You collected 283 gold pieces.
You spent 110 gold pieces at shops.

Inventory:

Hand Weapons
 a - a +1 long sword
 u - a +2 hand axe of flaming (weapon)
Missiles
 e - 24 bolts
 r - 38 arrows
Armour
 b - a +0 scale mail (worn)
 c - a +0 shield (worn)
 h - a cursed +0 cloak (worn)
 k - a +0 pair of boots (worn)
 l - a +0 pair of gloves (worn)
 D - a +0 ring mail
Jewellery
 n - a ring of see invisible (left hand)
Wands
 w - a wand of enslavement (9/24)
Scrolls
 g - a scroll of enchant weapon
 i - 2 scrolls of fog
 j - 4 scrolls of identify
 s - 2 scrolls of teleportation {unknown}
 t - 2 scrolls of remove curse
 v - 2 scrolls of noise {unknown}
 y - a scroll of random uselessness {unknown}
 E - a scroll of immolation {unknown}
 F - a scroll of blinking {unknown}
Potions
 d - a potion of might
 m - a potion of lignification
 o - 2 potions of ambrosia
 q - a potion of heal wounds
 z - a potion of haste
 A - a potion of curing
 B - a potion of resistance
Comestibles
 f - 5 bread rations
 p - 3 meat rations
 x - a royal jelly
 C - 6 chunks of flesh


   Skills:
 + Level 3.9 Fighting
 + Level 4.7 Long Blades
 + Level 0.2 Axes
 + Level 4.4 Armour
 * Level 2.3 Dodging
 - Level 0.2 Stealth
 + Level 4.3 Shields


You had 6 spell levels left.
You didn't know any spells.

Dungeon Overview and Level Annotations

Branches:
Dungeon (6/15)             Temple (1/1) D:5

Altars:
Ashenzari
Cheibriados
Dithmenos
Elyvilon
Hepliaklqana
Kikubaaqudgha
Makhleb
Nemelex Xobeh
Qazlal
Ru
Sif Muna
Uskayaw
Vehumet
Xom
Yredelemnul
Zin
The Shining One

Shops:
D:4 }[


Message History

The worker ant is moderately wounded.
You feel sick. You block the worker ant's attack.
The orc wizard looks encouraged for a moment.
The orc warrior hits you from afar with a halberd of pain.
The worker ant barely misses you.
You hit the worker ant. You burn the worker ant.
The worker ant is severely wounded.
The worker ant closely misses you. The orc warrior barely misses you.
You feel sick. The worker ant barely misses you.
The orc warrior hits you but does no damage.
You writhe in agony.
* * * LOW HITPOINT WARNING * * *
The worker ant closely misses you.
Things that are here:
a trident; a leather armour You feel sick.
You feel sick. You block the worker ant's attack.
The orc warrior hits you from afar with a halberd of pain!
You die...

..##.######## ..#..##.....#
... ..#####.#...# ##..
)...###.#<#.# ...#
..#.#...#.### ..#
#...#.###...# ..#####
#.#....####.#.##.##..#
.<#.#....##.#....##..#
.......#.##.# #@##..#
#.#..#.#.##.####.aoZ$#
#......#.##....#####)#
#.######.#...#.# #o..
#........#...#.### .Z....
#.[#######...#...# ........
...#######...###.##........
#....<.......'...##........
##########...######........


You could see an orc warrior, a worker ant and a quokka zombie.

Vanquished Creatures
  2 scorpions (D:4)
  A howler monkey (D:4)
  A centaur zombie (D:5)
  A bullfrog skeleton (D:4)
  3 hounds
  An iguana (D:3)
  3 worker ants
  4 gnolls (D:4)
  An adder (D:3)
  A shadow imp (D:3)
  2 oozes
  An adder skeleton (D:4)
  5 worms
  2 dart slugs
  4 leopard geckos
  4 orcs (D:6)
  9 bats
  3 giant cockroaches
  2 goblins
  10 hobgoblins
  3 jackals (D:3)
  2 kobolds (D:1)
  A quokka (D:5)
  A ball python skeleton (D:4)
  5 frilled lizards
  A leopard gecko skeleton (D:4)
  2 quokka skeletons (D:5)
  8 rats
83 creatures vanquished.

Notes
Turn   | Place    | Note
-------+----------+-------------------------------------------
     0 | D:1      | Vno the Human Fighter began the quest for the Orb.
     0 | D:1      | Reached XP level 1. HP: 18/18 MP: 1/1
   136 | D:1      | Reached XP level 2. HP: 14/24 MP: 2/2
   849 | D:1      | Reached XP level 3. HP: 25/29 MP: 3/3
  2075 | D:3      | Found a sparkling altar of Nemelex Xobeh.
  2250 | D:3      | Reached XP level 4. HP: 25/35 MP: 4/4
  2559 | D:3      | Found a white marble altar of Elyvilon.
  3050 | D:3      | Found a shimmering altar of Xom.
  3244 | D:4      | Found a sacrificial altar of Ru.
  3252 | D:4      | Reached skill level 1 in Dodging
  3252 | D:4      | Reached XP level 5. HP: 24/41 MP: 5/5
  3388 | D:4      | Found Atuvesarph's Armour Boutique.
  3427 | D:4      | Found Jiyx's Gadget Boutique.
  3433 | D:4      | Bought a wand of enslavement (9/24) for 110 gold pieces
  3571 | D:4      | Found a sand-covered staircase.
  3642 | D:4      | Reached XP level 6. HP: 10/47 MP: 6/6
  4738 | D:4      | Paralysed by fainting for 8 turns
  4779 | D:4      | Paralysed by fainting for 9 turns
  4802 | D:4      | Reached XP level 7. HP: 25/53 MP: 7/7
  5176 | D:5      | Entered Level 5 of the Dungeon
  5183 | D:5      | Found a staircase to the Ecumenical Temple.
  5201 | Temple   | Entered the Ecumenical Temple
  5311 | Temple   | Became a worshipper of the Shining One
  6232 | D:6      | Found a glowing silver altar of Zin.
  6286 | D:6      | Found a glowing golden altar of the Shining One.
  6364 | D:6      | Slain by an orc warrior

Skill      XL: |  1  2  3  4  5  6 |
---------------+-------------------+-----
Long Blades    | 3 4 |  4.7
Dodging        | 1 2 |  2.3
Armour         | 4 |  4.4
Shields        | 4 |  4.3
Fighting       | |  3.9
Axes           | |  0.2
Stealth        | |  0.2

Action                   |  1- 3 |  4- 6 |  7- 9 || total
-------------------------+-------+-------+-------++-------
Melee: Long sword        |   159 |   173 |    32 ||   364
       Hand axe          |       |       |    15 ||    15
  Use: Scroll            |     4 |     3 |     6 ||    13
       Potion            |       |     6 |     1 ||     7
  Eat: Chunk             |     5 |     5 |     8 ||    18
Armor: Scale mail        |    82 |    79 |    15 ||   176
Dodge: Dodged            |    50 |    55 |    25 ||   130
Block: Shield            |    98 |    92 |    24 ||   214
       Rpst.: Long sword |    18 |    10 |     4 ||    32
